 Dungeon Crawl Stone Soup version 0.22.1-2-g9c5b331383 (webtiles) character file.

38 Ihlosi the Sneak (level 3, -7/20 HPs)
             Began as a Kobold Enchanter on Dec 26, 2018.
             Mangled by a kobold
             ... wielding a +1 dagger of distortion
              (18 damage)
             ... on level 2 of the Dungeon.
             The game lasted 00:04:30 (1390 turns).

Ihlosi the Sneak (Kobold Enchanter)                 Turns: 1390, Time: 00:04:33

Health: -7/20      AC:  2    Str:  5    XL:     3   Next: 65%
Magic:  2/6        EV: 15    Int: 17    God:
Gold:   34         SH:  0    Dex: 15    Spells: 3/6 levels left

rFire    . . .     SeeInvis .   a - +1 dagger
rCold    . . .     Gourm    .   (shield restricted)
rNeg     . . .     Faith    .   b - +0 robe
rPois    .         Spirit   .   (no helmet)
rElec    .         Reflect  .   (no cloak)
rCorr    .         Harm     .   (no gloves)
MR       .....                  (no boots)
Stlth    +++.......             (no amulet)
HPRegen  0.06/turn              (no ring)
MPRegen  0.10/turn              (no ring)

@: very slightly contaminated
A: small, carnivore
a: no special abilities


You were on level 2 of the Dungeon.
You were completely stuffed.

You visited 1 branch of the dungeon, and saw 2 of its levels.

You collected 34 gold pieces.

Inventory:

Hand Weapons
 a - a +1 dagger (weapon)
Armour
 b - a +0 robe (worn)
Scrolls
 e - 2 scrolls of identify {unknown}
 f - a scroll of fog {unknown}
 i - a scroll of enchant weapon {unknown}
Potions
 c - a potion of curing {unknown}
 g - a potion of flight {unknown}
 j - 2 potions of heal wounds {unknown}
Comestibles
 d - 2 rations
 h - a chunk of flesh


   Skills:
 * Level 0.6 Fighting
 * Level 2.0 Short Blades
 * Level 2.8 Dodging
 * Level 4.7 Stealth
 * Level 2.3 Spellcasting
 * Level 3.3 Hexes


You had 3 spell levels left.
You knew the following spells:

 Your Spells              Type           Power        Failure   Level  Hunger
a - Corona                Hex            ##.....      4%          1    #......
b - Ensorcelled Hibernat  Hex/Ice        #.....       14%         2    ##.....

Your spell library contained the following spells:

 Spells                   Type           Power        Failure   Level  Hunger
 Confuse                  Hex            ##......     14%         3    ###....
 Tukima's Dance           Hex            ##......     14%         3    ###....
 Dazzling Spray           Conj/Hex       #.....       28%         3    ###....


Dungeon Overview and Level Annotations

Branches:
Dungeon (2/15)

Altars:


Innate Abilities, Weirdness & Mutations

You are small and have problems with some larger weapons.
You are carnivorous and can eat meat at any time.


Message History

Casting: Ensorcelled Hibernation (safe; 14% risk of failure)
Confirm with . or Enter, or press ? or * to list all spells.
Aiming: Ensorcelled Hibernation (safe; 14% risk of failure)
Press: ? - help, Shift-Dir - straight line, f - kobold
Aim: a kobold, wielding a dagger of distortion (chance to defeat MR: 56%)
The kobold resists with significant effort.
The kobold hits you with a dagger of distortion.
You blink.
Casting: Ensorcelled Hibernation (safe; 14% risk of failure)
Confirm with . or Enter, or press ? or * to list all spells.
Aiming: Ensorcelled Hibernation (safe; 14% risk of failure)
Press: ? - help, Shift-Dir - straight line, f/p - kobold
Aim: a kobold, wielding a dagger of distortion (chance to defeat MR: 56%)
You miscast Ensorcelled Hibernation.
You are very lightly contaminated with residual magic.
You feel uncomfortably cold.
The kobold hits you with a dagger of distortion.
Space warps horribly around you!
Ouch! That really hurt!
You die...

... .... ### #### .... ...
..# ..... .###.##.##...
...........# ######
#.....#.# #....# #. #....#
+.<..# ###.##.@#.# #....#
..$##.K#.####....#
###..............[.#
.....................>#
######..##..######....##..
.................#....# .
#..........$####......#
##.###..###### .#.#.#
............<# #.#.#.##.#


You could see a kobold.

Vanquished Creatures
  A worm (D:2)
  A dart slug (D:2)
  A leopard gecko (D:1)
  5 goblins
  3 hobgoblins (D:1)
  7 jackals (D:1)
  2 bats
  2 frilled lizards (D:1)
  5 kobolds (D:1)
  2 rats (D:1)
29 creatures vanquished.

Notes
Turn   | Place    | Note
-------+----------+-------------------------------------------
     0 | D:1      | Ihlosi the Kobold Enchanter began the quest for the Orb.
     0 | D:1      | Reached XP level 1. HP: 10/10 MP: 3/3
   107 | D:1      | Reached XP level 2. HP: 3/15 MP: 5/5
   814 | D:1      | Learned a level 2 spell: Ensorcelled Hibernation
   850 | D:1      | Reached XP level 3. HP: 12/19 MP: 1/6
  1390 | D:2      | Mangled by a kobold

Skill      XL: |  1  2  3 |
---------------+----------+-----
Short Blades   | 2 |  2.0
Fighting       | |  0.6
Dodging        | |  2.8
Stealth        | |  4.7
Spellcasting   | |  2.3
Hexes          | |  3.3

Action                   || total
-------------------------++-------
Melee: Dagger            ||   154
 Cast: Ensorcelled Hiber ||     2
  Use: Potion            ||     1
 Stab: Sleeping          ||     4
  Eat: Chunk             ||    10
Armor: Skin              ||    46
       Robe              ||    15
Dodge: Dodged            ||    74
